 Dungeon Crawl Stone Soup version 0.30.1-3-gfc49f6343a (webtiles) character file.

Game seed: 17345091845945280999

407854 Gorgoleon the Acrobat (level 23, -51/203 HPs)
             Began as a Merfolk Gladiator on July 20, 2023.
             Was the Champion of Okawaru.
             Annihilated by a juggernaut (63 damage)
             ... on level 2 of the Depths on July 21, 2023.
             The game lasted 04:09:45 (55777 turns).

Gorgoleon the Acrobat (Merfolk Gladiator)          Turns: 55777, Time: 04:09:45

Health: -51/203    AC: 27    Str: 14    XL:     23   Next: 44%
Magic:  10/10      EV: 26    Int: 13    God:    Okawaru [******]
Gold:   2406       SH:  5    Dex: 28    Spells: 22/22 levels left

rFire   + . .        E - +6 great sword "Sukk" {antimagic, Drain rElec rF+ rC+ Stlth+}
rCold   + . .        (shield currently unavailable)
rNeg    + . .        w - +7 pearl dragon scales of the Cuttlefish {rN+ Dex+5 Slay+2}
rPois   +            (no helmet)
rElec   +            h - +0 cloak
rCorr   .            k - +3 Mad Mage's Maulers {Infuse+∞ VampMP -Cast}
SInv    +            l - +2 pair of boots {rampage}
Will    +....        b - amulet of reflection
Stlth   ++           o - +4 ring of slaying
HPRegen 1.33/turn    p - ring "Asaippiy" {rPois Slay+2 SInv}
MPRegen 0.12/turn

%: no spellcasting, reflection, rampage, infuse magic (10 MP)
@: studying Long Blades
A: (nimble swimmer 2), mertail, fangs 1, clever 1, deformed body, deterioration
1, regeneration 1
}: 2/15 runes: barnacled, gossamer
a: Renounce Religion, Heroism, Finesse, Duel


You were on level 2 of the Depths.
You worshipped Okawaru.
Okawaru was exalted by your worship.
You visited 9 branches of the dungeon, and saw 40 of its levels.
You visited the Abyss 1 time.

You collected 6009 gold pieces.
You spent 3603 gold pieces at shops.

Inventory:

Hand Weapons
 g - a +3 long sword of flaming
 E - the +6 great sword "Sukk" (weapon) {antimagic, Drain rElec rF+ rC+ Stlth+}
   (You bought it in a shop on level 5 of the Dungeon)

   rF:        It protects you from fire.
   rC:        It protects you from cold.
   rElec:     It insulates you from electricity.
   Drain:     It drains your maximum health when unequipped.
   Stlth:     It makes you more stealthy.
 I - the +8 long sword "Sucreg" {freeze, rF+}
   (You found it on level 3 of the Vaults)

   rF:        It protects you from fire.
Missiles
 d - 9 throwing nets
 e - 23 javelins
 x - 53 boomerangs (quivered)
 G - 16 silver javelins
 S - 9 silver boomerangs
Armour
 h - a +0 cloak (worn)
 i - a +0 pair of gloves of infusion
 k - the +3 Mad Mage's Maulers (worn) {Infuse+∞ VampMP -Cast}
   (You bought it in a shop on level 2 of the Orcish Mines)

   Infuse+∞: It empowers its wearer's blows with all of their magic.
   VampMP:    Blows struck in melee replenish the wearer's magic.
   -Cast:     It prevents spellcasting.
 l - a +2 pair of boots of rampaging (worn)
 u - the +1 kite shield of Jigsaw {rElec rC++ rCorr Str-2 Slay+2}
   (You found it on level 3 of the Elven Halls)

   Str:       It affects your strength (-2).
   Slay:      It affects your accuracy & damage with ranged weapons and melee
   (+2).
   rC:        It greatly protects you from cold.
   rElec:     It insulates you from electricity.
   rCorr:     It protects you from acid and corrosion.
 w - the +7 pearl dragon scales of the Cuttlefish (worn) {rN+ Dex+5 Slay+2}
   (You acquired it on level 2 of the Shoals)

   Dex:       It affects your dexterity (+5).
   Slay:      It affects your accuracy & damage with ranged weapons and melee
   (+2).
   rN:        It protects you from negative energy.
Jewellery
 b - an amulet of reflection (around neck)
 o - a +4 ring of slaying (left hand)
 p - the ring "Asaippiy" (right hand) {rPois Slay+2 SInv}
   (You acquired it on level 4 of the Dungeon)

   [ring of see invisible]

   Slay:      It affects your accuracy & damage with ranged weapons and melee
   (+2).
   rPois:     It protects you from poison.
   SInv:      It lets you see invisible.
Wands
 n - a wand of polymorph (3)
 N - a wand of light (31)
 U - a wand of digging (19)
 V - a wand of mindburst (10)
Scrolls
 a - 11 scrolls of teleportation
 j - 6 scrolls of fear
 q - 8 scrolls of poison
 s - 6 scrolls of blinking
 v - 3 scrolls of magic mapping
 y - 2 scrolls of silence
 A - 3 scrolls of fog
 F - 36 scrolls of identify
Potions
 c - 3 potions of might
 f - 15 potions of curing
 m - 3 potions of berserk rage
 r - 5 potions of flight
 t - 4 potions of invisibility
 z - 2 potions of brilliance
 C - 3 potions of resistance
 K - a potion of magic
 M - 2 potions of cancellation
 Z - 3 potions of mutation
Miscellaneous
 O - a lightning rod (4/4)
 R - a tin of tremorstones (2/2)


   Skills:
 - Level 22.0 Fighting
 - Level 20.0 Long Blades
 - Level 16.0 Throwing
 - Level 12.0 Armour
 - Level 22.0 Dodging
 + Level 14.4 Shields
 - Level 11.0 Invocations
 * Level 11.1 Evocations


You had 22 spell levels left.
You didn't know any spells.
Your spell library contained the following spells:

 Spells                   Type           Power      Damage    Failure   Level
 Beastly Appendage        Tmut           0%         N/A       75%         1
 Kiss of Death            Conj/Necr      0%         2d5       75%         1
 Magic Dart               Conj           0%         1d3       75%         1
 Necrotise                Necr           0%         1d4       75%         1
 Sandblast                Erth           0%         2d4       75%         1
 Shock                    Conj/Air       0%         1d3       75%         1
 Sting                    Tmut/Pois      0%         1d3       75%         1
 Cigotuvi's Dreadful Rot  Necr/Pois/Air  0%         N/A       87%         2
 Ensorcelled Hibernation  Hex/Ice        0%         N/A       87%         2
 Passwall                 Tmut/Erth      0%         N/A       87%         2
 Poisonous Vapours        Pois/Air       0%         N/A       87%         2
 Sublimation of Blood     Necr           0%         N/A       87%         2
 Confusing Touch          Hex            0%         N/A       98%         3
 Ignite Poison            Fire/Tmut/Pois 0%         N/A       98%         3
 Ozocubu's Armour         Ice            0%         N/A       98%         3
 Portal Projectile        Hex/Tloc       0%         N/A       98%         3
 Spider Form              Tmut/Pois      0%         N/A       98%         3
 Stone Arrow              Conj/Erth      0%         3d7       98%         3
 Vampiric Draining        Necr           0%         2d6       98%         3
 Volatile Blastmotes      Fire/Tloc      0%         2d10      98%         3
 Anguish                  Hex/Necr       0%         N/A       100%        4
 Cause Fear               Hex            0%         N/A       100%        4
 Dispel Undead            Necr           0%         3d6       100%        4
 Flame Wave               Conj/Fire      0%         2d4       100%        4
 Fulminant Prism          Conj/Hex       0%         3d5       100%        4
 Iskenderun's Mystic Bla  Conj/Tloc      0%         2d3       100%        4
 Leda's Liquefaction      Hex/Erth       0%         N/A       100%        4
 Olgreb's Toxic Radiance  Pois           0%         N/A       100%        4
 Petrify                  Tmut/Erth      0%         N/A       100%        4
 Sticky Flame             Conj/Fire      0%         2d3       100%        4
 Agony                    Necr           0%         N/A       100%        5
 Alistair's Intoxication  Tmut/Pois      0%         N/A       100%        5
 Blade Hands              Tmut           0%         N/A       100%        5
 Borgnjor's Vile Clutch   Necr/Erth      0%         N/A       100%        5
 Freezing Cloud           Conj/Ice/Air   0%         6-21      100%        5
 Irradiate                Conj/Tmut      0%         3d11      100%        5
 Iskenderun's Battlesphe  Conj           0%         2d6       100%        5
 Lee's Rapid Deconstruct  Erth           0%         3d4*      100%        5
 Eringya's Noxious Bog    Tmut/Pois      0%         N/A       100%        6
 Iron Shot                Conj/Erth      0%         9d1       100%        6
 Statue Form              Tmut/Erth      0%         N/A       100%        6
 Dragon Form              Tmut           0%         N/A       100%        7
 Enfeeble                 Hex            0%         N/A       100%        7
 Ozocubu's Refrigeration  Ice            0%         4d7       100%        7
 Storm Form               Tmut/Air       0%         N/A       100%        7
 Disjunction              Tloc           0%         N/A       100%        8
 Lehudib's Crystal Spear  Conj/Erth      0%         10d2      100%        8
 Maxwell's Capacitive Co  Air            0%         ∞         100%        8
 Call Imp                 Summ           Unusable   N/A       N/A         2
 Call Canine Familiar     Summ           Unusable   N/A       N/A         3
 Summon Guardian Golem    Hex/Summ       Unusable   N/A       N/A         3
 Tukima's Dance           Hex            Unusable   N/A       N/A         3
 Animate Armour           Summ/Erth      Unusable   N/A       N/A         4
 Summon Lightning Spire   Summ/Air       Unusable   N/A       N/A         4
 Spellforged Servitor     Conj/Summ      Unusable   N/A       N/A         7
 Dragon's Call            Summ           Unusable   N/A       N/A         9

Dungeon Overview and Level Annotations

Branches:
Dungeon (15/15)            Temple (1/1) D:4            Lair (5/5) D:9
 Shoals (4/4) Lair:2       Spider (4/4) Lair:3        Slime (0/5) Lair:4
    Orc (2/2) D:12            Elf (3/3) Orc:2        Vaults (4/5) D:14
  Crypt (0/3) Vaults:3     Depths (2/4) D:15

Altars:
Ashenzari
Cheibriados
Dithmenos
Elyvilon
Fedhas
Hepliaklqana
Makhleb
Nemelex Xobeh
Okawaru
Qazlal
Ru
Sif Muna
Trog
Uskayaw
Vehumet
Wu Jian
Yredelemnul
Zin
The Shining One
Jiyva

Shops:
D:5 (   D:9 (   Orc:1 [   Orc:2 (([[   Elf:1 *   Elf:3 (   Shoals:1 [
Shoals:2 :(:   Shoals:3 (*[*   Shoals:4 :   Vaults:1 [   Vaults:2 (
Vaults:3 [

Portals:
Hell: Depths:1
Abyss: Depths:1
Pandemonium: Depths:2
Ziggurat: Depths:2

Annotations:
D:8 3 runed translucent doors, nroviw's ghost, novice DsIE
Spider:3 2 transporters, Nuqinleag's ghost, adept GrEE
Vaults:3 2 transporters, theMacoje's ghost, adept OgHs
Depths:1 3 runed translucent doors, Himmaryad's ghost, adept TrMo


Innate Abilities, Weirdness & Mutations

((You are very nimble when in or above water. (Stealth+, EV+, Speed+++)))
Your lower body shifts to a powerful aquatic tail in water.
You have very sharp teeth.
Your mind is acute. (Int +4, Str/Dex -1)
Armour fits poorly on your strangely shaped body.
Your body sometimes deteriorates upon taking damage.
Your natural rate of healing is unusually fast.


Message History

The daeva calls down the wrath of the Shining One upon you.
The Shining One smites you!
The daeva calls down the wrath of the Shining One upon you.
The Shining One smites you!
The daeva calls down the wrath of the Shining One upon you.
The Shining One smites you!
The daeva calls down the wrath of the Shining One upon you.
The Shining One smites you!
The daeva calls down the wrath of the Shining One upon you.
The Shining One smites you!
The daeva calls down the wrath of the Shining One upon you.
The Shining One smites you!
The daeva calls down the wrath of the Shining One upon you.
The Shining One smites you!
* * * LOW HITPOINT WARNING * * *
The daeva calls down the wrath of the Shining One upon you.
The Shining One smites you!
* * * LOW HITPOINT WARNING * * *
The daeva calls down the wrath of the Shining One upon you.
The Shining One smites you!
* * * LOW HITPOINT WARNING * * *
A juggernaut comes into view.
The daeva calls down the wrath of the Shining One upon you.
The Shining One smites you!
* * * LOW HITPOINT WARNING * * *
The daeva calls down the wrath of the Shining One upon you.
The Shining One smites you!
* * * LOW HITPOINT WARNING * * *
You feel much better.
The juggernaut shouts!
The daeva calls down the wrath of the Shining One upon you.
The Shining One smites you!
* * * LOW HITPOINT WARNING * * *
The daeva calls down the wrath of the Shining One upon you.
The Shining One smites you!
* * * LOW HITPOINT WARNING * * *
You rampage towards the juggernaut!
A stone giant comes into view.
The juggernaut hits you!!!
You die...

####### # ##.....# #.
##...##.# #.#####
##..#..#.##
#.....#####..###....##
#.....#.....##.##.....
#...C.#....##AA.##....
#....@#.....##.##..##.
#.....'......###...##.
#.....#.......#.......
#.....#...##'...#.....
#.....#...#.....#'####
#.....#...#.....#..##.
#.C...#...#.....#...#.
#.....#...#.....'...'.
#.....#...#.....#..##.


You could see a juggernaut and a stone giant (wandering).

Vanquished Creatures
  Mara (Spider:4)
  Sojobo (Vaults:1)
  Nikola (Shoals:4)
  4 bone dragons
  A Hell Sentinel (Vaults:4)
  Zenata (Vaults:4)
  2 liches
  Asterion (D:14)
  2 deep elf blademasters (Elf:3)
  Rupert (Vaults:1)
  2 deep elf master archers (Elf:3)
  7 tentacled starspawn
  Polyphemus (Shoals:3)
  Kirke (D:11)
  A kraken (Shoals:4)
  Agnes (Vaults:1)
  3 sphinxes
  Roxanne (Shoals:4)
  A tengu reaver (Depths:1)
  Ilsuiw (Shoals:3)
  4 fire giants
  6 emperor scorpions (Spider:4)
  A draconian knight (Vaults:1)
  6 vault wardens
  6 deep elf sorcerers
  7 frost giants
  5 ghost moths
  A balrug (Depths:1)
  4 orc warlords
  A broodmother (Spider:4)
  Louise (D:15)
  5 deep elf elementalists
  2 spriggan defenders
  17 ironbound preservers
  7 stone giants
  8 very ugly things
  A vampire knight (Vaults:3)
  An elemental wellspring (Depths:1)
  8 ironbound thunderhulks
  An eleionoma (Depths:1)
  A deep elf annihilator (Elf:3)
  6 deep elf demonologists
  A lorocyproca (Abyss:4)
  8 dire elephants
  8 spark wasps
  2 eidola
  4 ettins
  2 crystal guardians (Vaults:4)
  6 merfolk javelineers
  4 fire dragons
  3 deep elf death magi (Elf:3)
  11 yaktaur captains
  9 merfolk impalers
  4 salamander tyrants (Depths:1)
  2 great orbs of eyes
  4 deep elf high priests
  10 ironbound frosthearts
  2 entropy weavers
  An entropy weaver (shapeshifter) (Elf:2)
  A hell beast (Depths:1)
  7 hydras
  Erolcha (D:12)
  5 vault guards
  A peacekeeper (Vaults:4)
  2 spriggan air magi (Depths:2)
  A radroach (Spider:3)
  2 rakshasas
  2 catoblepae
  2 alligator snapping turtles
  2 ice dragons (Depths:1)
  4 satyrs
  A two-headed ogre (shapeshifter) (Vaults:3)
  9 merfolk aquamancers
  12 centaur warriors
  33 dancing weapons
  A two-headed ogre (D:9)
  7 death yaks
  A deep troll shaman (Depths:2)
  2 merfolk avatars
  5 tengu warriors
  A death scarab (Spider:4)
  4 boulder beetles
  2 alligators (Shoals:1)
  A spriggan berserker (Depths:2)
  7 orc high priests
  A deep troll earth mage (Depths:2)
  17 deep elf knights
  8 thrashing horrors
  3 vampire magi
  A hell knight (Abyss:2)
  2 skeletal warriors (D:15)
  2 soul eaters (Depths:1)
  2 iron trolls
  A pharaoh ant (Spider:3)
  4 wretched stars
  5 skysharks
  2 spriggan druids (Depths:1)
  A sun moth (Spider:2)
  4 sixfirhies
  8 sea snakes
  A goliath frog (Shoals:1)
  A glowing orange brain (Abyss:2)
  51 deep trolls
  7 lindwurms
  A sphinx zombie (D:15)
  2 flayed ghosts
  14 deep elf archers
  15 ironbound convokers
  A swamp dragon (Lair:5)
  Pikel (D:7)
  6 steelbarb worms
  4 orb spiders
  33 harpies
  A phantasmal warrior (Abyss:4)
  12 starcursed masses
  3 necromancers
  13 wizards
  27 deep elf zephyrmancers
  31 deep elf pyromancers
  23 wolf spiders
  4 orc sorcerers
  A frost giant zombie (D:15)
  17 orc knights
  46 ugly things
  2 salamanders (Depths:1)
  6 cyclopes
  2 worldbinders
  4 fauns
  4 elephants (Lair:5)
  5 moths of wrath
  A stone giant skeleton (Abyss:2)
  15 vault sentinels
  A guardian serpent (Abyss:4)
  A frost giant skeleton (D:15)
  14 manticores
  10 water nymphs
  8 black mambas
  3 smoke demons
  2 apocalypse crabs (Abyss:4)
  5 torpor snails
  9 merfolk sirens
  9 demonic crawlers
  2 orange demons (Abyss:2)
  2 gargoyles
  12 cane toads
  4 unseen horrors
  A dryad (Depths:1)
  8 rime drakes
  2 ice devils (D:11)
  A tormentor (Abyss:4)
  10 komodo dragons
  20 yaktaurs
  3 tengu conjurers
  5 ancient zymes
  A merfolk (shapeshifter) (Elf:2)
  A hellwing (Depths:2)
  5 wind drakes
  30 merfolk
  7 trolls
  6 meliai
  22 tarantellas
  A hornet (Depths:2)
  9 polar bears
  2 harpy skeletons (Abyss:4)
  8 raiju
  16 dream sheep
  7 blink frogs
  9 snapping turtles
  18 jumping spiders
  Sigmund (D:5)
  22 slime creatures
  13 culicivoras
  3 flying skulls (Abyss:2)
  A spriggan (shapeshifter) (D:15)
  2 ynoxinuls (Abyss:2)
  8 water elementals
  6 air elementals
  4 fire elementals
  49 yaks
  2 spriggans
  8 wraiths
  Eustachio (D:6)
  A chaos spawn (Abyss:4)
  4 wyverns
  38 redbacks
  4 neqoxecs
  5 steam dragons
  A basilisk (Lair:5)
  7 humans
  8 vampire mosquitoes
  Menkaure (D:6)
  Edmund (D:6)
  A harpy simulacrum (Abyss:4)
  2 wargs
  18 large abominations
  5 acid dragons
  5 hell hounds
  10 water moccasins
  34 orc warriors
  A swamp drake (Lair:5)
  6 ice beasts
  A tengu skeleton (D:15)
  3 black bears
  A meliai simulacrum (D:14)
  2 sky beasts (D:7)
  12 ogres
  12 centaurs
  9 wolves (Lair:3)
  A lemure (D:7)
  3 phantoms
  3 kobold brigands
  Blork the orc (D:4)
  7 bullfrogs
  An earth elemental (Elf:3)
  A gnoll sergeant (Orc:1)
  7 scorpions
  10 wights
  3 killer bees (D:10)
  An electric eel (Lair:5)
  6 howler monkeys
  A quasit (Abyss:2)
  6 jellies
  A gnoll bouda (D:7)
  26 orc priests
  5 hounds
  An iron imp (Abyss:2)
  5 iguanas
  6 hell rats (Lair:2)
  18 orc wizards
  6 small abominations
  12 gnolls
  10 adders
  3 white imps
  An ufetubus (D:6)
  2 dart slugs
  92 orcs
  9 endoplasms
  2 giant cockroaches
  12 goblins
  8 hobgoblins
  3 jackals (D:4)
  A quokka (D:3)
  8 ball pythons
  5 bats
  2 frilled lizards
  16 kobolds
  6 rats
  5 butterflies (Depths:1)
  A starspawn tentacle (Abyss:4)
  2 tentacles (Shoals:4)
1650 creatures vanquished.

Vanquished Creatures (others)
  A merfolk aquamancer (Shoals:3)
  A water elemental (Elf:1)
  An orc (D:7)
  A foxfire (Abyss:4)
  A lurking horror (Abyss:4)
  10 starspawn tentacles (Abyss:4)
  6 tentacles (Shoals:4)
21 creatures vanquished.

Grand Total: 1671 creatures vanquished

Notes
Turn   | Place    | Note
-------+----------+-------------------------------------------
     0 | D:1      | Gorgoleon the Merfolk Gladiator began the quest for the
                  | Orb.
     0 | D:1      | Reached XP level 1. HP: 16/16 MP: 1/1
    80 | D:1      | Reached XP level 2. HP: 16/22 MP: 2/2
   616 | D:2      | Noticed a scorpion
   633 | D:2      | Killed a scorpion
   634 | D:2      | Reached XP level 3. HP: 25/27 MP: 3/3
   634 | D:2      | Reached XP level 4. HP: 31/33 MP: 4/4
   814 | D:2      | Found a faded altar of an unknown god.
  1298 | D:3      | Reached XP level 5. HP: 11/38 MP: 5/5
  1573 | D:3      | Found an ornate altar of the Wu Jian Council.
  1583 | D:3      | Found a stormy altar of Qazlal.
  1948 | D:3      | Found a hazy altar of Hepliaklqana.
  2224 | D:4      | Noticed an ogre
  2232 | D:4      | Noticed an ogre
  2235 | D:4      | Killed an ogre
  2236 | D:4      | Reached XP level 6. HP: 46/46 MP: 6/6
  2242 | D:4      | Reached skill level 1 in Armour
  2326 | D:4      | Reached XP level 7. HP: 18/52 MP: 7/7
  2570 | D:4      | Identified a scroll of acquirement
  2570 | D:4      | Acquired the ring "Asaippiy" {rPois Slay+2 SInv}
  2584 | D:4      | Found a white marble altar of Elyvilon.
  2590 | D:4      | Found a radiant altar of Vehumet.
  2640 | D:4      | Found a burning altar of Makhleb.
  2751 | D:4      | Found a staircase to the Ecumenical Temple.
  2760 | Temple   | Entered the Ecumenical Temple
  2784 | Temple   | Became a worshipper of Warmaster Okawaru
  3239 | D:4      | Noticed Blork the orc
  3245 | D:4      | Killed Blork the orc
  3272 | D:5      | Entered Level 5 of the Dungeon
  3283 | D:5      | Noticed Sigmund
  3312 | D:5      | Reached skill level 10 in Long Blades
  3337 | D:5      | Reached XP level 8. HP: 58/58 MP: 8/8
  3345 | D:5      | Reached * piety under Okawaru
  3375 | D:5      | Found a snail-covered altar of Cheibriados.
  3392 | D:5      | Reached skill level 1 in Invocations
  3454 | D:5      | Killed Sigmund
  3879 | D:5      | Reached skill level 5 in Dodging
  3905 | D:5      | Found Kint's Antique Weapon Shop.
  3913 | D:5      | Bought a warped great sword for 310 gold pieces
  3913 | D:5      | Identified the +6 great sword "Sukk" {antimagic, Drain
                  | rElec rF+ rC+ Stlth+} (You bought it in a shop on level 5
                  | of the Dungeon)
  4087 | D:6      | Reached ** piety under Okawaru
  4132 | D:6      | Noticed Eustachio
  4137 | D:6      | Killed Eustachio
  4138 | D:6      | Reached XP level 9. HP: 57/67 MP: 3/10
  4139 | D:6      | Reached skill level 5 in Fighting
  4263 | D:6      | Noticed Menkaure
  4275 | D:6      | Killed Menkaure
  4680 | D:6      | Noticed Edmund
  4684 | D:6      | Killed Edmund
  5184 | D:7      | Gained mutation: Your magical capacity is low. (-10% MP)
                  | [potion of mutation]
  5184 | D:7      | Gained mutation: You expend magic power (3 MP) to
                  | strengthen your wands. [potion of mutation]
  5184 | D:7      | Gained mutation: You have a pair of small horns on your
                  | head. [potion of mutation]
  5185 | D:7      | Lost mutation: Your magical capacity is low. (-10% MP)
                  | [potion of mutation]
  5185 | D:7      | Lost mutation: You expend magic power (3 MP) to strengthen
                  | your wands. [potion of mutation]
  5185 | D:7      | Lost mutation: You have a pair of small horns on your head.
                  | [potion of mutation]
  5185 | D:7      | Gained mutation: You have a beak for a mouth. [potion of
                  | mutation]
  5519 | D:7      | Noticed Pikel
  5554 | D:7      | Killed Pikel
  5554 | D:7      | Reached *** piety under Okawaru
  5555 | D:7      | Reached XP level 10. HP: 60/74 MP: 1/11
  5614 | D:7      | Found a glowing silver altar of Zin.
  6340 | D:8      | Found a shadowy altar of Dithmenos.
  6453 | D:8      | Reached skill level 15 in Long Blades
  6511 | D:8      | Received a gift from Okawaru
  6643 | D:8      | Acquired a manual of Long Blades
  6899 | D:8      | Found a runed translucent gate.
  6899 | D:8      | Found a runed translucent gate.
  6902 | D:8      | Found a runed translucent gate.
  6902 | D:8      | Noticed nroviw's ghost (novice DsIE)
  6906 | D:8      | Found a viscous altar of Jiyva.
  6947 | D:9      | Found Cutz's Antique Weapon Boutique.
  7029 | D:9      | Noticed a two-headed ogre
  7047 | D:9      | Killed a two-headed ogre
  7080 | D:9      | Reached **** piety under Okawaru
  7508 | D:9      | Reached XP level 11. HP: 77/78 MP: 4/12
  7577 | D:9      | Found a staircase to the Lair.
  7595 | D:9      | Noticed a death yak
  7595 | D:9      | Noticed a death yak
  7601 | D:9      | Noticed a death yak
  7606 | D:9      | Killed a death yak
  7606 | D:9      | Received a gift from Okawaru
  7615 | D:9      | Killed a death yak
  7620 | D:9      | Killed a death yak
  7622 | D:9      | Reached ***** piety under Okawaru
  7664 | D:9      | Found a bloodstained altar of Trog.
  7797 | D:9      | Noticed a deep elf zephyrmancer
  7805 | D:9      | Killed a deep elf zephyrmancer
  7837 | D:10     | Entered Level 10 of the Dungeon
  7886 | D:10     | Reached skill level 5 in Invocations
  8066 | D:10     | Found a broken altar of Ashenzari.
  8378 | D:10     | Reached skill level 1 in Evocations
  8381 | D:10     | Found a hide-covered altar of Uskayaw.
  9212 | D:11     | Received a gift from Okawaru
  9217 | D:11     | Reached XP level 12. HP: 74/89 MP: 5/16
  9489 | D:11     | Received a gift from Okawaru
  9585 | D:11     | Acquired the +2 ring mail "Keirij" {rElec Str+3 Stlth+}
 10230 | D:12     | Noticed Kirke
 10452 | D:11     | Killed Kirke
 10452 | D:11     | Received a gift from Okawaru
 10916 | D:12     | Found a staircase to the Orcish Mines.
 11508 | Lair:1   | Entered Level 1 of the Lair of Beasts
 11609 | Lair:1   | Reached skill level 5 in Armour
 11610 | Lair:1   | Reached ****** piety under Okawaru
 11742 | Lair:1   | Reached skill level 10 in Dodging
 11832 | Lair:1   | Reached XP level 13. HP: 76/101 MP: 6/18
 11879 | Lair:1   | Received a gift from Okawaru
 12487 | D:5      | Bought a pitted long sword for 229 gold pieces
 12487 | D:5      | Identified the +7 long sword "Ocoacis" {protect, Drain rN+
                  | Dex+4} (You bought it in a shop on level 5 of the Dungeon)
 12719 | Lair:2   | Reached skill level 10 in Fighting
 12848 | Lair:2   | Found a staircase to the Shoals.
 13575 | Lair:2   | Received a gift from Okawaru
 13891 | Lair:3   | Identified the +1 pair of gloves "Josowkeu" {rC+ Will++
                  | rCorr Stlth-} (Okawaru gifted it to you on level 3 of the
                  | Lair of Beasts)
 13891 | Lair:3   | Received a gift from Okawaru
 14106 | Lair:3   | Found a hole to the Spider Nest.
 14773 | Lair:4   | Identified the amulet of Symmetry {*Slow rElec Regen+ Str+6
                  | Int+2}
 14806 | Lair:4   | Found a viscous altar of Jiyva.
 14811 | Lair:4   | Found a staircase to the Slime Pits.
 14868 | Lair:4   | Found an iron altar of Okawaru.
 14981 | Lair:4   | You fall into a shaft and drop 1 floor!
 14981 | Lair:5   | Entered Level 5 of the Lair of Beasts
 15376 | Lair:4   | Reached XP level 14. HP: 74/83 MP: 5/20
 16443 | Lair:5   | Identified the +7 chain mail "Zopp" {Str+3 Int-5 SInv
                  | Stlth+} (Okawaru gifted it to you on level 5 of the Lair of
                  | Beasts)
 16443 | Lair:5   | Received a gift from Okawaru
 16903 | Lair:5   | Reached skill level 15 in Fighting
 17724 | Lair:5   | Identified the +0 pair of boots "Exehowil" {rC+}
 17757 | Lair:5   | Identified the +0 rapier of Sanedam {freeze, Will+}
 17995 | Orc:1    | Entered Level 1 of the Orcish Mines
 18002 | Orc:1    | Noticed Erolcha
 18137 | D:12     | Killed Erolcha
 18265 | Orc:2    | Entered Level 2 of the Orcish Mines
 18274 | Orc:2    | Noticed an orc warlord
 18358 | Orc:1    | Killed an orc warlord
 18417 | Orc:2    | Found a staircase to the Elven Halls.
 18512 | Orc:2    | Gained mutation: You are dopey. (Int -2) [a neqoxec]
 18513 | Orc:2    | Gained mutation: Your body sometimes deteriorates upon
                  | taking damage. [a neqoxec]
 18777 | Orc:1    | Found Arot's Antique Armour Shoppe.
 19631 | Orc:2    | Reached XP level 15. HP: 121/134 MP: 7/21
 19949 | Orc:2    | Identified the +0 hat of Okawaru's Grace {rElec rC- Int+5
                  | Stlth+} (Okawaru gifted it to you on level 2 of the Orcish
                  | Mines)
 19949 | Orc:2    | Received a gift from Okawaru
 20243 | Orc:2    | Found Fyvigul's Antique Armour Emporium.
 20243 | Orc:2    | Found Based's Antique Armour Emporium.
 20244 | Orc:2    | Found Gaib's Antique Weapon Shoppe.
 20244 | Orc:2    | Found Sesieqi's Weapon Emporium.
 20255 | Orc:2    | Bought the +3 Mad Mage's Maulers {Infuse+∞ VampMP -Cast}
                  | for 1320 gold pieces
 20255 | Orc:2    | Found the +3 Mad Mage's Maulers {Infuse+∞ VampMP -Cast}
 20626 | Shoals:1 | Entered Level 1 of the Shoals
 21655 | Shoals:1 | Found Cishasmu's Armour Boutique.
 22161 | Shoals:2 | Found Wagai's Book Emporium.
 22545 | Shoals:2 | Found Waytt's Antique Weapon Boutique.
 22702 | Shoals:2 | Found Zuwkorphi's Book Shoppe.
 23124 | Shoals:3 | Noticed Ilsuiw
 23174 | Shoals:3 | Noticed Polyphemus
 23391 | Shoals:3 | Killed Ilsuiw
 23906 | Shoals:3 | Received a gift from Okawaru
 23917 | Shoals:3 | Reached XP level 16. HP: 88/147 MP: 2/23
 24078 | Shoals:2 | Acquired the +7 pearl dragon scales of the Cuttlefish {rN+
                  | Dex+5 Slay+2}
 24171 | Shoals:3 | Reached skill level 5 in Evocations
 24423 | Shoals:3 | Found Ykkeurej's Visitors' Centre.
 24517 | Shoals:3 | Found Ykkeurej's Merfolk Magic.
 24517 | Shoals:3 | Found Ykkeurej's Merfolk Armours.
 24517 | Shoals:3 | Found Ykkeurej's Merfolk Weapons.
 24525 | Shoals:3 | Bought a +2 buckler for 198 gold pieces
 24666 | Shoals:3 | Received a gift from Okawaru
 25381 | Shoals:3 | Killed Polyphemus
 25401 | Shoals:3 | Reached skill level 10 in Invocations
 25402 | Shoals:3 | Received a gift from Okawaru
 25653 | Shoals:4 | Entered Level 4 of the Shoals
 25811 | Shoals:4 | Identified Roxanne's Omnibus of Vicissitude
 25811 | Shoals:4 | Noticed Roxanne
 25819 | Shoals:4 | Found Ruophiocs's Book Shop.
 25839 | Shoals:4 | Killed Roxanne
 25915 | Shoals:4 | Identified the -1 pair of gloves of Xaowny {Fly Str+3}
                  | (Okawaru gifted it to you on level 4 of the Shoals)
 25915 | Shoals:4 | Received a gift from Okawaru
 26162 | Shoals:4 | Noticed Nikola
 26178 | Shoals:4 | Killed Nikola
 26196 | Shoals:4 | Identified the ring "Funkofra" {rF+ Will+ AC+4}
 26476 | Shoals:4 | Got the Quarto of Spatial Formation
 26540 | Shoals:4 | Reached XP level 17. HP: 137/155 MP: 3/24
 26580 | Shoals:4 | Got a barnacled rune of Zot
 26662 | Shoals:4 | Noticed a kraken
 26683 | Shoals:4 | Killed a kraken
 27281 | Spider:1 | Entered Level 1 of the Spider Nest
 28346 | D:14     | You fall into a shaft and drop 1 floor!
 28346 | D:15     | Entered Level 15 of the Dungeon
 28392 | D:15     | Noticed Louise
 28412 | D:15     | Killed Louise
 28412 | D:15     | Received a gift from Okawaru
 28729 | D:14     | Identified the +1 robe of Protective Custody {Int+5}
 29041 | D:14     | Found a gate to the Vaults.
 29145 | D:14     | Lost mutation: Your body sometimes deteriorates upon taking
                  | damage. [potion of mutation]
 29145 | D:14     | Lost mutation: You have a beak for a mouth. [potion of
                  | mutation]
 29145 | D:14     | Gained mutation: You have sharp fingernails. [potion of
                  | mutation]
 29145 | D:14     | Gained mutation: You are clumsy. (Dex -2) [potion of
                  | mutation]
 29192 | D:14     | Reached skill level 10 in Armour
 30124 | D:15     | Reached skill level 15 in Dodging
 30210 | D:15     | Found a staircase to the Depths.
 30734 | Lair:1   | Lost mutation: You have sharp fingernails. [potion of
                  | mutation]
 30734 | Lair:1   | Lost mutation: You are clumsy. (Dex -2) [potion of
                  | mutation]
 30734 | Lair:1   | Gained mutation: You have hidden genetic defects. [potion
                  | of mutation]
 30734 | Lair:1   | Gained mutation: Your natural rate of healing is unusually
                  | fast. [potion of mutation]
 30734 | Lair:1   | Gained mutation: Your skin changes colour to match your
                  | surroundings (Stealth+). [potion of mutation]
 30735 | Lair:1   | Lost mutation: You have hidden genetic defects. [potion of
                  | mutation]
 30735 | Lair:1   | Lost mutation: Your skin changes colour to match your
                  | surroundings (Stealth+). [potion of mutation]
 30735 | Lair:1   | Gained mutation: You heal very quickly. [potion of
                  | mutation]
 30735 | Lair:1   | Gained mutation: You are weak. (Str -2) [potion of
                  | mutation]
 30735 | Lair:1   | Gained mutation: You are very dopey. (Int -4) [potion of
                  | mutation]
 30890 | Spider:1 | Lost mutation: You are weak. (Str -2) [potion of mutation]
 30890 | Spider:1 | Lost mutation: You are very dopey. (Int -4) [potion of
                  | mutation]
 30890 | Spider:1 | Lost mutation: You are dopey. (Int -2) [potion of mutation]
 30890 | Spider:1 | Gained mutation: Your spells are a little easier to cast,
                  | but a little less powerful. [potion of mutation]
 30890 | Spider:1 | Gained mutation: Armour fits poorly on your strangely
                  | shaped body. [potion of mutation]
 30890 | Spider:1 | Gained mutation: You have very sharp teeth. [potion of
                  | mutation]
 32254 | Spider:2 | Received a gift from Okawaru
 32941 | Spider:3 | Identified the +9 triple sword of the Imbibing Mosquito
                  | {pain, rC+} (Okawaru gifted it to you on level 3 of the
                  | Spider Nest)
 32941 | Spider:3 | Received a gift from Okawaru
 33071 | Spider:3 | Lost mutation: Your spells are a little easier to cast, but
                  | a little less powerful. [potion of mutation]
 33071 | Spider:3 | Lost mutation: You heal very quickly. [potion of mutation]
 33071 | Spider:3 | Gained mutation: Your mind is acute. (Int +4, Str/Dex -1)
                  | [potion of mutation]
 33335 | Spider:3 | Reached XP level 18. HP: 162/162 MP: 2/26
 33616 | Spider:3 | Found a transporter.
 33628 | Spider:3 | Found a transporter.
 33630 | Spider:3 | Noticed Nuqinleag's ghost (adept GrEE)
 34091 | Spider:4 | Entered Level 4 of the Spider Nest
 34091 | Spider:4 | Noticed Mara
 34097 | Spider:4 | Killed Mara
 34097 | Spider:4 | Identified the +1 scale mail "Zasmog" {rElec Dex+6 Stlth+}
                  | (Okawaru gifted it to you on level 4 of the Spider Nest)
 34097 | Spider:4 | Received a gift from Okawaru
 34179 | Spider:4 | Acquired 1012 gold pieces
 35754 | Spider:4 | Got a gossamer rune of Zot
 35842 | Spider:4 | Received a gift from Okawaru
 36365 | Elf:1    | Entered Level 1 of the Elven Halls
 36665 | Elf:1    | Found Leiliz's Neck Hole.
 36844 | Elf:1    | Bought an amulet of reflection for 510 gold pieces
 37082 | Elf:1    | Received a gift from Okawaru
 37112 | Elf:1    | Reached XP level 19. HP: 169/169 MP: 1/27
 37749 | Elf:2    | Reached skill level 5 in Throwing
 37970 | Elf:2    | Found a radiant altar of Vehumet.
 38081 | Elf:2    | Paralysed by an air elemental for 1 turns
 38108 | Elf:2    | Paralysed by an air elemental for 1 turns
 38146 | Elf:2    | Paralysed by an air elemental for 1 turns
 38463 | Elf:2    | Found a runed translucent gate.
 38469 | Elf:2    | Found a runed translucent gate.
 38469 | Elf:2    | Found a runed translucent gate.
 38499 | Elf:2    | Identified the +1 buckler "Macwueky" {rF+ Will+} (Okawaru
                  | gifted it to you on level 2 of the Elven Halls)
 38499 | Elf:2    | Received a gift from Okawaru
 39495 | Elf:3    | Entered Level 3 of the Elven Halls
 39495 | Elf:3    | Found Norevveb's Antique Weapon Emporium.
 40182 | Elf:3    | Paralysed by an air elemental for 1 turns
 40288 | Elf:3    | Noticed a Brimstone Fiend
 40573 | Elf:3    | Identified the +1 kite shield of Jigsaw {rElec rC++ rCorr
                  | Str-2 Slay+2}
 40608 | Elf:3    | Identified the +1 robe "Bututit" {rPois Str-4 Int+5
                  | Archmagi}
 40634 | Elf:3    | Received a gift from Okawaru
 40648 | Elf:3    | Identified the amulet "Oguddiar" {Acrobat Drain rPois
                  | Int+2}
 40666 | Elf:3    | Reached XP level 20. HP: 127/180 MP: 4/28
 40829 | Elf:3    | Identified the ring of Grontol {rElec rN+ MP+9}
 40935 | Elf:3    | Got the Verses on Blasting
 40945 | Elf:3    | Identified the +1 shortbow "Beetlebane" {heavy, Fly rPois
                  | Stlth-}
 41357 | Vaults:1 | Entered Level 1 of the Vaults
 41626 | Vaults:1 | Received a gift from Okawaru
 41650 | Vaults:1 | Identified the +6 battleaxe "Tifuxt" {elec, Int+6 Dex-5}
                  | (Okawaru gifted it to you on level 1 of the Vaults)
 41650 | Vaults:1 | Received a gift from Okawaru
 41897 | Vaults:1 | Found Korchoido's Armour Shop.
 41987 | Vaults:1 | Noticed Asterion
 42150 | D:14     | Reached skill level 10 in Throwing
 42158 | D:14     | Killed Asterion
 42300 | Vaults:1 | Noticed Rupert
 42303 | Vaults:1 | Killed Rupert
 42426 | Vaults:1 | Received a gift from Okawaru
 42432 | Vaults:1 | Identified the ring "Luycyxirr" {rC+ Str+6 Dex+3}
 43637 | Vaults:1 | Noticed Agnes
 43637 | Vaults:1 | Noticed Sojobo
 43648 | Vaults:1 | Killed Sojobo
 43659 | Vaults:1 | Killed Agnes
 44975 | Vaults:2 | Reached XP level 21. HP: 189/189 MP: 4/29
 45164 | Vaults:2 | Found Heiseg's Weapon Emporium.
 46032 | Vaults:3 | Found Yhido's Antique Armour Shoppe.
 46038 | Vaults:3 | Bought a heavily runed plate armour for 1036 gold pieces
 46038 | Vaults:3 | Identified the +2 plate armour of Zotuih {Harm rElec Dex+5
                  | Stlth+} (You bought it in a shop on level 3 of the Vaults)
 46323 | Vaults:3 | Found a staircase to the Crypt.
 46340 | Vaults:3 | Identified the +0 buckler "Tawitt" {Dex+6} (Okawaru gifted
                  | it to you on level 3 of the Vaults)
 46340 | Vaults:3 | Received a gift from Okawaru
 46848 | Vaults:3 | Identified the +8 long sword "Sucreg" {freeze, rF+}
 47211 | Vaults:3 | Reached skill level 15 in Throwing
 47490 | Vaults:3 | Paralysed by a sphinx for 5 turns
 47687 | Vaults:3 | Found a transporter.
 47689 | Vaults:3 | Noticed theMacoje's ghost (adept OgHs)
 47690 | Vaults:3 | Found the +6 Majin-Bo {spellvamp, MP+6 Int+6}
 47692 | Vaults:3 | Found a bloodstained altar of Trog.
 47699 | Vaults:3 | Found a transporter.
 47815 | Vaults:3 | Reached skill level 1 in Shields
 48282 | Vaults:4 | Received a gift from Okawaru
 48657 | Vaults:4 | Noticed Zenata
 48678 | Vaults:4 | Killed Zenata
 48798 | Vaults:4 | Reached skill level 5 in Shields
 48991 | Abyss:2  | Cast into level 2 of the Abyss (a wizard)
 49065 | Abyss:2  | Found a corrupted altar of Lugonu.
 49065 | Abyss:2  | Found a corrupted altar of Lugonu.
 49065 | Abyss:2  | Found a corrupted altar of Lugonu.
 49077 | Abyss:2  | Reached XP level 22. HP: 196/196 MP: 3/30
 49466 | Abyss:2  | Found a corrupted altar of Lugonu.
 49574 | Abyss:2  | Found a corrupted altar of Lugonu.
 49594 | Abyss:2  | Found a corrupted altar of Lugonu.
 49724 | Abyss:2  | Received a gift from Okawaru
 49849 | Abyss:2  | Received a gift from Okawaru
 50221 | Abyss:4  | Found a corrupted altar of Lugonu.
 50227 | Abyss:4  | Found a corrupted altar of Lugonu.
 50250 | Abyss:4  | Found a shimmering altar of Xom.
 50304 | Abyss:4  | Reached skill level 10 in Evocations
 50304 | Abyss:4  | Gained mutation: Your body sometimes deteriorates upon
                  | taking damage. [a neqoxec]
 50344 | Abyss:4  | Paralysed by accursed screaming for 2 turns
 50549 | Abyss:4  | Received a gift from Okawaru
 50631 | Vaults:4 | Escaped the Abyss
 50639 | Vaults:4 | Reached skill level 10 in Shields
 50953 | Vaults:4 | Received a gift from Okawaru
 51182 | Vaults:4 | Identified the +3 plate armour "Xileckan" {*Slow Str+8}
                  | (Okawaru gifted it to you on level 4 of the Vaults)
 51182 | Vaults:4 | Received a gift from Okawaru
 52060 | Depths:1 | Entered Level 1 of the Depths
 52871 | Depths:1 | Reached XP level 23. HP: 203/203 MP: 6/31
 53255 | Depths:1 | Found a gateway to Hell.
 53488 | Depths:1 | Found a runed translucent gate.
 53488 | Depths:1 | Found a runed translucent gate.
 53488 | Depths:1 | Found a runed translucent gate.
 53500 | Depths:1 | Noticed Himmaryad's ghost (adept TrMo)
 53525 | Depths:1 | Found a huge runed gate.
 53525 | Depths:1 | Found a huge runed gate.
 53525 | Depths:1 | Found a huge runed gate.
 53525 | Depths:1 | Found a huge runed gate.
 53526 | Depths:1 | Found a huge runed gate.
 53526 | Depths:1 | Found a huge runed gate.
 53526 | Depths:1 | Found a huge runed gate.
 53526 | Depths:1 | Found a huge runed gate.
 53526 | Depths:1 | Found a huge runed gate.
 53527 | Depths:1 | Found a huge runed gate.
 53527 | Depths:1 | Found a huge runed gate.
 53528 | Depths:1 | Found a huge runed gate.
 53529 | Depths:1 | Found a huge runed gate.
 53530 | Depths:1 | Found a huge runed gate.
 53531 | Depths:1 | Found a huge runed gate.
 53639 | Depths:1 | Found a huge runed gate.
 53639 | Depths:1 | Found a huge runed gate.
 53639 | Depths:1 | Found a huge runed gate.
 53639 | Depths:1 | Found a huge runed gate.
 53639 | Depths:1 | Found a huge runed gate.
 53639 | Depths:1 | Found a huge runed gate.
 53640 | Depths:1 | Found a huge runed gate.
 53641 | Depths:1 | Found a huge runed gate.
 53642 | Depths:1 | Found a huge runed gate.
 53650 | Depths:1 | Found a huge runed gate.
 53650 | Depths:1 | Found a huge runed gate.
 53650 | Depths:1 | Found a huge runed gate.
 53650 | Depths:1 | Found a huge runed gate.
 53650 | Depths:1 | Found a huge runed gate.
 53659 | Depths:1 | Found a huge runed gate.
 53660 | Depths:1 | Found a huge runed gate.
 53661 | Depths:1 | Found a huge runed gate.
 53662 | Depths:1 | Found a huge runed gate.
 53939 | Depths:1 | Found a one-way gate to the infinite horrors of the Abyss.
 54598 | Depths:1 | Identified the +1 bardiche "Bubuadgh" {venom, rElec rF+ rN+
                  | Dex+3}
 55138 | Depths:2 | Received a gift from Okawaru
 55170 | Depths:2 | Found a one-way gate leading to the halls of Pandemonium.
 55497 | Depths:2 | Received a gift from Okawaru
 55752 | Depths:2 | Found a one-way gateway to a ziggurat.
 55775 | Depths:2 | Noticed a juggernaut
 55775 | Depths:2 | HP: 8/203 [daeva/divine providence (16)]
 55777 | Depths:2 | Annihilated by a juggernaut

Illustrated notes

Levels and vault maps discovered:
D:1:      scummos_arrival_star, layout_rooms
D:2:      layout_loops_cross, ebering_ecumenical_altar_petrified
D:3:      layout_basic, mainiacjoe_overflow_tiny_flanked,
          nicolae_overflow_squiral
D:4:      layout_cave_pools, lemuel_tele_altar,
          mainiacjoe_overflow_large_starburst, minmay_temple_entry_overgrown,
          uniq_blork_the_orc
D:5:      layout_rooms, mainiacjoe_overflow_six_doors_small, serial_shops,
          nicolae_shop_tiny_statue_garden, uniq_sigmund
D:6:      nicolae_BIG_FREAKIN_CUBE, layout_loops_ring, uniq_menkaure,
          uniq_edmund, uniq_eustachio
D:7:      layout_cave_pools, zin_statuary, kennysheep_another_room,
          minivault_23, hangedman_decor_lopped, uniq_pikel
D:8:      layout_rooms, grunt_dithmenos_shadows, gammafunk_ghost_ooze
D:9:      layout_small_grid, general_overflow_altar, dpeg_lair_monsters,
          serial_shops, nicolae_shop_tiny_statue_garden,
          guppyfry_early_elven_hall
D:10:     layout_basic, mainiacjoe_overflow_small_starburst,
          mainiacjoe_overflow_alcove_2, minmay_holes
D:11:     layout_grid_maze, portal_ice_cave_demonic_guard,
          chequers_decorated_corner
D:12:     layout_rooms, orc_0_dummy, kennysheep_generic_room_8, uniq_kirke
D:13:     layout_cave_pools
D:14:     layout_roguey, erik_vaults_1
D:15:     gammafunk_depths_entry_grave, layout_irregular_city, abandoned_shop,
          uniq_louise
Temple:   nicolae_temple_bog_church
Lair:1:   layout_gridlike, cheibrodos_lair_lostbears
Lair:2:   layout_long_grid, nicolae_shoals_entry_roost
Lair:3:   layout_chaotic_city, spider_nest_entry_webs,
          infiniplex_staircase_pool_2
Lair:4:   layout_roguey, slime_entry_1, basic_altar, enter_volcano_3
Lair:5:   guppyfry_lair_end_dragon, layout_cave_pods, serial_bayou_pond_c,
          gammafunk_lair_bear_cave, serial_bayou_shore_b, grunt_megastairs_4
Shoals:1: layout_shoals, serial_shops, shop, nicolae_shoals_goliath_grotto
Shoals:2: layout_shoals, serial_shops, nicolae_shop_behind_doors, shop, shop
Shoals:3: nicolae_shoals_mermall, layout_shoals, uniq_polyphemus, uniq_ilsuiw
Shoals:4: shoals_end_grunt_ice, layout_shoals, serial_shops,
          nicolae_shop_tiny_glass, uniq_nikola, uniq_roxanne
Spider:1: layout_spider_delve
Spider:2: layout_spider_delve, hangedman_spider_tarantella_strand
Spider:3: layout_spider_delve, gammafunk_ghost_berserking_beasts
Spider:4: grunt_spider_rune_circles, uniq_mara
Orc:1:    layout_caves, serial_shops, nicolae_shop_rolling_square,
          nicolae_orc_sculptors_studio, uniq_erolcha
Orc:2:    st_orc_pillars, layout_diamond_mine, nicolae_orc_flooded_monolith
Elf:1:    eino_elf_arrival_sip, layout_gridlike, hangedman_elf_represent,
          nicolae_shop_sticking_my_neck_out
Elf:2:    nicolae_elf_blades_crystal_corner, layout_loops_corners, basic_altar
Elf:3:    elf_hall_gauntlet_narrow, layout_geoelf_grid, serial_shops, shop,
          corexii_leaking_fountain
Vaults:1: nicolae_vaults_angled_halls, nicolae_vaults_ellipses_ellipsis,
          nicolae_vaults_tetromino_Z_2, nicolae_vaults_heist, vaults_dpeg_cross,
          sword_in_stone, grunt_vaults_hallway_long,
          nicolae_vaults_more_shelving_1, nicolae_vaults_apartment_2,
          layout_vaults_chaotic_city, serial_shops, shop, uniq_asterion
Vaults:2: nicolae_vaults_tetromino_Z_2, hangedman_vaults_capsules,
          nicolae_vaults_trapezoid_3, vaults_standard_mumra_x,
          nicolae_vaults_double_plus_1, nicolae_vaults_apartment_2,
          nicolae_vaults_taking_the_gang_shopping, layout_vaults_quadrants
Vaults:3: gammafunk_ghost_wrathful_warriors, minmay_crypt_entry_simple_round,
          dpeg_vaults_monster_doublerow, vaults_room_pools,
          hangedman_vaults_maws, nicolae_vaults_prndl,
          nicolae_vaults_closet_pinwheel_3, nicolae_vaults_trapezoid_lopsided_3,
          vaults_room_pools, vaults_dpeg_spiral, nicolae_vaults_double_plus_3,
          nicolae_vaults_network_s, nicolae_vaults_what_the_h, v_misc_22,
          layout_vaults_ring, serial_shops, nicolae_shop_tiny_statue_garden
Vaults:4: lightli_enter_wizlab_magi_temple, nicolae_vaults_house_2,
          grunt_vaults_focal, ontoclasm_vaults_eye,
          nicolae_vaults_tetromino_Z_2, nicolae_vaults_windows_and_doors_thing,
          nicolae_vaults_ring_of_whatevers, nicolae_vaults_network_quinsquares
          [nicolae_vaults_network_quincunx_subvault,
          nicolae_vaults_network_quincunx_subvault,
          nicolae_vaults_network_quincunx_subvault,
          nicolae_vaults_network_quincunx_subvault], vaults_room_fours,
          nicolae_vaults_tetromino_T_2, nicolae_vaults_rhombus_6,
          vaults_mumra_hex, vaults_mumra_minichess_inversion,
          nicolae_vaults_offset_grid_hallway_2, vaults_room_grid,
          ontoclasm_vaults_loading_screen, grunt_vaults_hallway_short,
          layout_vaults_maze_snakey, uniq_zenata
Depths:1: nicolae_terramorphic_expanse [nicolae_terramorphic_quarter,
          nicolae_terramorphic_quarter, nicolae_terramorphic_quarter,
          nicolae_terramorphic_quarter, nicolae_terramorphic_quarter,
          nicolae_terramorphic_biome, nicolae_terramorphic_biome,
          nicolae_terramorphic_biome, nicolae_terramorphic_biome], layout_basic,
          gammafunk_ghost_tricky_traps, grunt_mini_vestibule, serial_aquarium,
          aquarium_bridge_straight [aquarium_subvault_bridge,
          aquarium_subvault_wall, aquarium_subvault_bridge,
          aquarium_subvault_balcony], aquarium_window_fake,
          aquarium_window_fake, aquarium_window_2, aquarium_window_2,
          aquarium_view_2a, aquarium_pool_five, abyss_entry, not_door_vault_mu,
          nicolae_lava_and_water, kennysheep_just_a_vault
Depths:2: gammafunk_sealed_library, layout_gridville, enter_ziggurat_c,
          grunt_pan_entry_spiral, abandoned_shop, hellmouth_1,
          minmay_misc_feat_secret_circle, hangedman_summoners_spam,
          uniq_saint_roka

Skill      XL: |  1  2  3  4  5  6  7  8  9 10 11 12 13 14 15 16 17 18 19 20 21 22 23 |
---------------+----------------------------------------------------------------------+-----
Long Blades    | 4 6 7 8 10 11 14 17 20 | 20.0
Armour         | 1 2 3 5 6 8 11 12 | 12.0
Fighting       | 3 4 5 6 9 12 17 19 20 21 22 | 22.0
Invocations    | 2 5 6 9 10 11 | 11.0
Dodging        | 5 6 8 10 12 14 15 20 22 | 22.0
Throwing       | 4 6 13 16 | 16.0
Evocations     | 2 4 6 8 10 11 | 11.1
Shields        | 5 12 14 | 14.4

Action                     |  1- 3 |  4- 6 |  7- 9 | 10-12 | 13-15 | 16-18 | 19-21 | 22-24 || total
---------------------------+-------+-------+-------+-------+-------+-------+-------+-------++-------
  Melee: Long sword        |    61 |   136 |   124 |       |       |     9 |       |       ||   330
         Punch             |     1 |     1 |     2 |       |    10 |       |       |       ||    14
         Great sword       |       |       |    61 |   411 |   697 |   951 |  1168 |   734 ||  4022
         Peck              |       |       |     3 |    85 |   227 |   104 |       |       ||   419
         Dagger            |       |       |       |       |    30 |       |       |       ||    30
         Scimitar          |       |       |       |       |   141 |       |       |       ||   141
         Tailslap          |       |       |       |       |    21 |    31 |       |     8 ||    60
         Bite              |       |       |       |       |       |    69 |   190 |   140 ||   399
  Throw: Dart              |     1 |     4 |     1 |     3 |    73 |    30 |       |       ||   112
         Stone             |       |     4 |     8 |    35 |    19 |       |       |       ||    66
         Boomerang         |       |     6 |    14 |     4 |     6 |     8 |    39 |    31 ||   108
         Javelin           |       |     1 |       |     6 |       |       |     1 |       ||     8
 Invoke: Heroism           |       |       |     2 |     4 |    10 |     2 |     1 |       ||    19
         Finesse           |       |       |       |       |     6 |     7 |     3 |     1 ||    17
  Evoke: Wand              |       |       |       |       |     1 |       |       |       ||     1
    Use: Scroll            |       |       |    14 |     5 |     6 |     8 |     5 |     1 ||    39
         Potion            |       |       |    10 |     2 |    13 |    10 |     3 |    10 ||    48
   Stab: Distracted        |     1 |       |     1 |     1 |       |     2 |     1 |     5 ||    11
         Sleeping          |       |     1 |     3 |     5 |     4 |     4 |     2 |     1 ||    20
 Armour: Leather armour    |    24 |    38 |    35 |    21 |       |       |       |       ||   118
         Troll leather arm |       |       |       |    12 |       |       |       |       ||    12
         Ring mail         |       |       |       |    30 |   181 |       |       |       ||   211
         Pearl dragon scal |       |       |       |       |       |   433 |   287 |   173 ||   893
  Dodge: Dodged            |    34 |    91 |    94 |   261 |   708 |   966 |   747 |   603 ||  3504
  Block: Other             |       |       |       |       |       |     5 |   155 |   114 ||   274
         Reflection        |       |       |       |       |       |       |    20 |     2 ||    22
